 Dungeon Crawl Stone Soup version 0.31.0-9-g3a7656b989 (webtiles) character file.

Game seed: 8569862218557075315

1245 qw the Skirmisher (level 8, -1/45 HPs)
             Began as a Deep Elf Hunter on Feb 2, 2024.
             Was a Believer of Okawaru.
             Incinerated by a bombardier beetle (3 damage)
             ... with a burning spray
             ... on level 5 of the Dungeon.
             The game lasted 00:00:20 (4189 turns).

qw the Skirmisher (Deep Elf Hunter)                 Turns: 4189, Time: 00:00:21

Health: -1/45      AC: 10    Str: 10    XL:     8   Next: 25%
Magic:  13/13      EV: 11    Int: 15    God:    Okawaru [**....]
Gold:   209        SH:  0    Dex: 18    Spells: 7/7 levels left

rFire   . . .        a - +1 shortbow (flame)
rCold   . . .        (shield currently unavailable)
rNeg    . . .        b - +0 ring mail
rPois   .            (no helmet)
rElec   .            (no cloak)
rCorr   .            l - +1 pair of gloves
SInv    .            g - +2 pair of boots
Will    .....        (no amulet)
Stlth   +            (no ring)
HPRegen 0.27/turn    (no ring)
MPRegen 0.13/turn

%: no passive effects
@: on fire, glowing
A: no striking features
a: Renounce Religion, Heroism


You were on level 5 of the Dungeon.
You worshipped Okawaru.
Okawaru was pleased with you.
You visited 2 branches of the dungeon, and saw 6 of its levels.
You also visited: Ossuary.

You collected 261 gold pieces.
You spent 52 gold pieces at shops.


   Skills:
 + Level 2.7 Fighting
 - Level 12.0 Ranged Weapons
 - Level 1.2 Armour
 - Level 3.4 Dodging
 - Level 1.2 Stealth
 - Level 4.0 Invocations


You had 7 spell levels left.
You didn't know any spells.
Your spell library was empty.

Inventory:

Hand Weapons
 a - a +1 shortbow of flaming (weapon)
Armour
 b - a +0 ring mail (worn)
 g - a +2 pair of boots (worn)
 l - a +1 pair of gloves (worn)
Wands
 n - a wand of flame (34)
 p - a wand of roots (11)
Scrolls
 d - a scroll of teleportation
 e - a scroll of identify
Potions
 c - 2 potions of might {unknown}
 f - 3 potions of haste {unknown}
 h - a potion of mutation {unknown}
 j - a potion of heal wounds
 k - a potion of degeneration {unknown}

Dungeon Overview and Level Annotations

Branches:
Dungeon (5/15)             Temple (1/1) D:4         Ossuary (visited)

Altars:
Ashenzari
Dithmenos
Elyvilon
Hepliaklqana
Kikubaaqudgha
Makhleb
Okawaru
Qazlal
Sif Muna
Vehumet
Wu Jian
Yredelemnul
The Shining One

Shops:
D:2 *   D:3 [


Message History

The burning spray hits you.
You are covered in liquid fire!
You shoot an arrow.
The arrow barely misses the bombardier beetle.
The liquid fire burns you!
You shoot an arrow.
The arrow barely misses the bombardier beetle.
The liquid fire burns you!
You shoot an arrow. The arrow hits the bombardier beetle!
The arrow burns the bombardier beetle.
The bombardier beetle is almost dead.
The liquid fire burns you!
You shoot an arrow.
The arrow hits the bombardier beetle but does no damage.
The bombardier beetle is almost dead.
The liquid fire burns you!
You shoot an arrow. The arrow hits the bombardier beetle.
The arrow burns the bombardier beetle.
You kill the bombardier beetle!
Okawaru accepts your kill. The liquid fire burns you!
You are on fire!
The liquid fire burns you!
You are on fire!
The liquid fire burns you!
You are on fire!
The liquid fire burns you!
You are on fire!
The liquid fire burns you!
You are on fire!
The liquid fire burns you!
You are on fire!
The liquid fire burns you!
You are on fire!
The liquid fire burns you!
You are on fire!
The liquid fire burns you!
You are on fire!
The liquid fire burns you!
You die...

#.#####>......#......#
......
#.#.........#.#...(..#
......
#.#.#......))........#
......
#.#.#.#....).........#
......
..#.#.#.#..###.......###
##### .##.#[#....#
#?.........
.##:#.#...#####.........
##
.##...#.................
+.
#.......####.#..@.......
##
'.......##.#...###......
#...........#### ......
#..........## ..... #
#........### ##########
# #........# #....# #
#........## #....# #
#.........# #....# #
#########.# #....#


There were no monsters in sight!

Vanquished Creatures
  Grinder (D:3)
  A water moccasin (D:5)
  2 ogres (D:5)
  A scorpion (D:5)
  A bombardier beetle (D:5)
  2 orc priests (D:5)
  A hound (D:5)
  3 jellies
  A human zombie (Ossuary)
  A sleepcap (D:3)
  3 orc wizards
  Ijyb (D:4)
  3 hound zombies (Ossuary)
  12 gnolls
  7 adders
  3 adder zombies (Ossuary)
  A ribbon worm (D:2)
  5 dart slugs
  13 orcs
  6 endoplasms
  4 giant cockroaches
  2 gnoll zombies (Ossuary)
  3 goblins
  9 hobgoblins
  2 jackals (D:3)
  A quokka (D:4)
  3 ball pythons
  9 bats
  A frilled lizard (D:3)
  4 jackal zombies (Ossuary)
  2 kobolds
  3 kobold zombies (Ossuary)
  4 orc zombies (Ossuary)
  2 rats
117 creatures vanquished.

Notes
Turn   | Place    | Note
-------+----------+-------------------------------------------
     0 | D:1      | qw the Deep Elf Hunter began the quest for the Orb.
     0 | D:1      | Reached XP level 1. HP: 12/12 MP: 3/3
     0 | D:1      | 0 ||| qw: Version: 0.3-a-155-g5e7d8dd
     0 | D:1      | 0 ||| qw: Game counter: 1925
     0 | D:1      | 0 ||| qw: Melee chars always use a shield: true
     0 | D:1      | 0 ||| qw: God list: Okawaru
     0 | D:1      | 0 ||| qw: Allow faded altars: false
     0 | D:1      | 0 ||| qw: Do Orc after clearing Dungeon:15 true
     0 | D:1      | 0 ||| qw: Do second Lair branch before Depths: true
     0 | D:1      | 0 ||| qw: Lair rune preference: random
     0 | D:1      | 0 ||| qw: Goals: Normal
     0 | D:1      | 0 ||| PLANNING D:1-11
   141 | D:1      | Reached XP level 2. HP: 14/16 MP: 4/4
   159 | D:1      | Reached skill level 6 in Ranged Weapons
   709 | D:1      | 709 ||| UPGRADING to +0 pair of gloves.
   714 | D:1      | 714 ||| READING scroll labelled WYEGERPHUUVU.
   715 | D:1      | 715 ||| READING 2 scrolls labelled OXUJOYNOCAB.
   816 | D:1      | 816 ||| READING scroll labelled GOSEIB ERUP.
   817 | D:1      | 817 ||| READING scroll labelled ZUDUHE ELYUFU.
   817 | D:1      | 817 ||| ENCHANTING +0 shortbow.
   818 | D:1      | 818 ||| READING scroll labelled CIRAWKYARA.
   818 | D:1      | 818 ||| BRANDING +1 shortbow.
   819 | D:1      | 819 ||| READING scroll labelled LUEZXI RUNI.
   820 | D:1      | 820 ||| DROPPING scroll of butterflies.
   821 | D:1      | 821 ||| DROPPING scroll of vulnerability.
   830 | D:2      | Found Hestrab's Assorted Antiques.
   838 | D:2      | 838 ||| SHOPLISTING bubbling green potion (27 gold, have
                  | 23).
   838 | D:2      | 838 ||| SHOPLISTING coppery potion (27 gold, have 23).
   838 | D:2      | 838 ||| SHOPLISTING inky potion (27 gold, have 23).
   838 | D:2      | 838 ||| SHOPLISTING scroll labelled MAYLEDERIMP (31 gold,
                  | have 23).
   838 | D:2      | 838 ||| SHOPLISTING scroll labelled MEPIYPPEIQ (31 gold,
                  | have 23).
   911 | D:2      | Reached XP level 3. HP: 20/20 MP: 5/5
  1055 | D:2      | You fall into a shaft and drop 2 floors!
  1061 | D:4      | 1061 ||| PLANNING OSSUARY
  1087 | D:4      | Reached skill level 7 in Ranged Weapons
  1087 | D:4      | Reached XP level 4. HP: 25/25 MP: 6/6
  1168 | D:4      | Reached skill level 8 in Ranged Weapons
  1260 | D:4      | Noticed Ijyb
  1262 | D:4      | Killed Ijyb
  1263 | D:4      | Reached XP level 5. HP: 29/29 MP: 7/7
  1348 | D:4      | Found a staircase to the Ecumenical Temple.
  1583 | D:4      | Found a sand-covered staircase.
  1584 | D:4      | 1584 ||| UPGRADING to +2 pair of boots.
  1589 | D:4      | 1589 ||| UPGRADING to +0 scale mail.
  1599 | D:4      | 1599 ||| DROPPING +0 leather armour.
  1600 | D:4      | 1600 ||| READING scroll labelled MEPIYPPEIQ.
  1603 | D:4      | 1603 ||| READING 2 scrolls labelled ORECKO VOUXA.
  1604 | D:4      | 1604 ||| READING scroll labelled SEEHIGUGGY.
  1605 | D:4      | 1605 ||| READING scroll labelled MUHYNW XYAL.
  1606 | D:4      | 1606 ||| DRINKING 2 coppery potions.
  1607 | D:4      | 1607 ||| DRINKING 2 inky potions.
  1608 | D:4      | 1608 ||| DROPPING scroll of poison.
  1610 | D:4      | 1610 ||| Stepping ~*~*~tactically~*~*~ (cloud).
  1619 | D:4      | HP: 7/29 [poisoned by you (poison gas)]
  1730 | Ossuary  | Entered an ossuary
  1767 | Ossuary  | Reached skill level 1 in Armour
  1811 | Ossuary  | Reached skill level 9 in Ranged Weapons
  1942 | D:4      | 1942 ||| PLANNING TEMPLE
  1992 | Temple   | Entered the Ecumenical Temple
  1993 | Temple   | 1993 ||| PLANNING OKAWARU WORSHIP
  2001 | Temple   | Became a worshipper of Warmaster Okawaru
  2002 | Temple   | 2002 ||| PLANNING D:1-11
  2068 | D:3      | Reached XP level 6. HP: 35/35 MP: 8/8
  2213 | D:3      | Found Ixuamunk's Armour Emporium.
  2217 | D:3      | 2217 ||| BUYING +0 ring mail (52 gold).
  2217 | D:3      | Bought a +0 ring mail for 52 gold pieces
  2217 | D:3      | 2217 ||| SHOPLISTING +2 ring mail of willpower (273 gold,
                  | have 99).
  2263 | D:3      | 2263 ||| UPGRADING to +0 ring mail.
  2273 | D:3      | 2273 ||| DROPPING +0 scale mail.
  2709 | D:2      | 2709 ||| READING scroll labelled ANESOJ RAIQEYD.
  2709 | D:2      | 2709 ||| ENCHANTING +0 pair of gloves.
  2710 | D:2      | 2710 ||| READING scroll labelled GUFEUQ ENOTZ.
  2710 | D:2      | 2710 ||| IDENTIFYING amethyst potion
  2711 | D:2      | 2711 ||| DROPPING potion of attraction.
  3032 | D:3      | Noticed Grinder
  3041 | D:3      | Killed Grinder
  3041 | D:3      | Reached * piety under Okawaru
  3042 | D:3      | Reached skill level 10 in Ranged Weapons
  3042 | D:3      | Reached XP level 7. HP: 31/40 MP: 9/9
  3435 | D:5      | Entered Level 5 of the Dungeon
  3476 | D:5      | Reached skill level 3 in Dodging
  3476 | D:5      | Reached skill level 1 in Invocations
  3493 | D:5      | 3493 ||| DRINKING potion of curing.
  3493 | D:5      | 3493 ||| (to cure confusion)
  3501 | D:5      | Reached skill level 11 in Ranged Weapons
  3667 | D:5      | 3667 ||| RETREEEEATING.
  3687 | D:5      | Reached skill level 3 in Invocations
  3689 | D:5      | 3689 ||| FLEEEEING.
  3690 | D:5      | 3690 ||| FLEEEEING.
  3691 | D:5      | 3691 ||| FLEEEEING.
  3692 | D:5      | 3692 ||| FLEEEEING.
  3693 | D:5      | 3693 ||| FLEEEEING.
  3921 | D:5      | Reached XP level 8. HP: 44/44 MP: 12/12
  3928 | D:5      | Reached ** piety under Okawaru
  3997 | D:5      | Reached skill level 12 in Ranged Weapons
  4185 | D:5      | HP: 9/45 [burnt (5)]
  4188 | D:5      | HP: 2/45 [burnt (4)]
  4189 | D:5      | Incinerated by a bombardier beetle

Levels and vault maps discovered:
D:1:      lemuel_arrival_river_bridge, layout_basic, serial_aquarium,
          aquarium_bridge_square [aquarium_subvault_bridge,
          aquarium_subvault_bridge, aquarium_subvault_wall,
          aquarium_subvault_balcony], aquarium_window_fake, aquarium_window_2,
          aquarium_window_1, aquarium_view_2g, aquarium_pool_four
D:2:      layout_loops_ring, serial_shops, shop
D:3:      layout_loops_ring, serial_shops, nicolae_shop_behind_doors,
          hangedman_decor_riveting, chequers_serial_rivers_micro_b, uniq_grinder
D:4:      layout_basic, temple_fountains, mainiacjoe_ossuary_entry_dusty_tomb,
          serial_bayou_pond_a, serial_bayou_lagoon_b, uniq_ijyb
D:5:      layout_basic
Temple:   dshaligram_water_room_temple

Skill      XL: |  1  2  3  4  5  6  7  8 |
---------------+-------------------------+-----
Ranged Weapons | 6 7 8 9 10 11 12 | 12.0
Armour         | 1 |  1.2
Fighting       | 2 |  2.7
Dodging        | 3 |  3.4
Invocations    | 3 4 |  4.0
Stealth        | |  1.2

Action                     |  1- 3 |  4- 6 |  7- 9 || total
---------------------------+-------+-------+-------++-------
   Fire: Shortbow          |    65 |   208 |   131 ||   404
    Use: Scroll            |     6 |     6 |       ||    12
         Potion            |       |     2 |     1 ||     3
 Armour: Leather armour    |     3 |    13 |       ||    16
         Scale mail        |       |    47 |       ||    47
         Ring mail         |       |     9 |    45 ||    54
  Dodge: Dodged            |     7 |    54 |    37 ||    98

Table legend:
 A = Non-vault XP
 B = Vault XP
 C = Vault XP percentage of total XP
 D = Non-vault monster count
 E = Vault monster count
 F = Vault count percentage of total count
                 A         B        C        D         E       F
            +---------+---------+-------+---------+---------+-------
      Total |    1331 |     448 |  25.2 |      95 |      22 |  18.8
            +---------+---------+-------+---------+---------+-------
        D:1 |      37 |       0 |   0.0 |      15 |       0 |   0.0
        D:2 |      96 |       0 |   0.0 |      18 |       0 |   0.0
        D:3 |     108 |     277 |  71.9 |      23 |       1 |   4.2
        D:4 |     140 |      33 |  19.1 |      14 |       1 |   6.7
        D:5 |     950 |       0 |   0.0 |      25 |       0 |   0.0
    Ossuary |       0 |     138 | 100.0 |       0 |      20 | 100.0
            +---------+---------+-------+---------+---------+-------
